 Dungeon Crawl Stone Soup version 0.16-a0-3272-g378764d (webtiles) character file.

161 Rhaen the Changer (level 5, -8/41 HPs)
             Began as a Draconian Transmuter on May 18, 2015.
             Killed from afar by Terence (9 damage)
             ... with a wand of frost
             ... on level 3 of the Dungeon.
             The game lasted 00:08:01 (2919 turns).

Rhaen the Changer (Draconian Transmuter)            Turns: 2919, Time: 00:08:01

Health: -8/41      AC:  5    Str: 12    XL:     5   Next: 19%
Magic:  4/9        EV: 12    Int: 13    God:
Gold:   108        SH:  0    Dex: 13    Spells: 2 memorised, 5 levels left

rFire  . . .     SeeInvis .       - Unarmed
rCold  . . .     Clarity  .     (armour unavailable)
rNeg   . . .     SustAb   .     (no shield)
rPois  .         Gourm    .     (helmet restricted)
rElec  .         Spirit   .     (no cloak)
rCorr  .         Warding  .     (no gloves)
rMut   .         Stasis   .     (no boots)
MR     .....                    (no amulet)
Stlth  +.........               (no ring)
                                (no ring)

@: very slightly contaminated, not resistant to hostile enchantments, very
unstealthy
A: unfitting armour, cold-blooded, AC +5
a: no special abilities


You were on level 3 of the Dungeon.
You were not hungry.

You visited 1 branch of the dungeon, and saw 3 of its levels.

You collected 108 gold pieces.

Inventory:

Missiles
 b - 12 arrows
Magical devices
 m - a wand of slowing (33)
Scrolls
 c - 2 scrolls of teleportation {unknown}
 e - 2 scrolls of remove curse {unknown}
 i - 3 scrolls of identify {unknown}
 k - a scroll of magic mapping {unknown}
 l - a scroll of amnesia {unknown}
Potions
 g - a potion of restore abilities {unknown}
 h - a potion of brilliance {unknown}
 j - a potion of might {unknown}
 n - a potion of resistance {unknown}
Books
 d - a book of Changes

   Spells                             Type                      Level
   a - Beastly Appendage              Transmutation                1
   b - Sticks to Snakes               Transmutation                2
   c - Spider Form                    Transmutation/Poison         3
   d - Ice Form                       Ice/Transmutation            4
   e - Blade Hands                    Transmutation                5
Comestibles
 a - 2 bread rations
 o - 3 chunks of flesh


   Skills:
 - Level 2.0 Fighting
 - Level 2.3 Dodging
 - Level 3.4 Unarmed Combat
 + Level 2.7 Spellcasting
 * Level 3.9 Transmutations


You had 5 spell levels left.
You knew the following spells:

 Your Spells              Type           Power        Failure   Level  Hunger
a - Beastly Appendage     Trmt           ##....       6%          1    #......
b - Spider Form           Trmt/Pois      #.........   34%         3    ###....


Dungeon Overview and Level Annotations

Branches:
Dungeon (3/15)

Altars:

Annotations:
D:3 Terence


Innate Abilities, Weirdness & Mutations

Your plain brown scales are hard (AC +5).
Your body does not fit into most forms of armour.
Your cold-blooded metabolism reacts poorly to cold.


Message History

The hobgoblin closely misses you.
A rat comes into view.
You hit Terence.
Terence is severely wounded.
Terence shouts, "DIE!!!"
Terence hits you with a mace!
* * * LOW HITPOINT WARNING * * *
The hobgoblin misses you.
Drink which item? (? for menu, Esc to quit)
You feel better.
Terence zaps a wand.
The puff of frost misses you. The hobgoblin hits you.
* * * LOW HITPOINT WARNING * * *
You hit Terence.
Terence is almost dead.
Your transformation has ended.
Terence zaps a wand.
The puff of frost hits you!
* * * LOW HITPOINT WARNING * * *
The hobgoblin hits you but does no damage.
Terence zaps a wand.
The puff of frost hits you!
You die...

#.# #......#
#.# #....#.#
#.# ##...#.#
#.#####.#.#.#
#.#.....#.#.#
#.#)#####.#.#
#.#'#####.#.#
#.........#.#
#..@......#..
#.........###
#...@g......#
#........##.
#........#
#..r.....#
#..........
#.........
.........


You could see Terence, a hobgoblin and a rat.

Vanquished Creatures
  The ghost of Rhaen the Insei, a weakling DrTm (D:3)
  An orc priest (D:3)
  An adder (D:2)
  3 worms
  2 giant geckos (D:3)
  An ooze (D:2)
  6 orcs (D:3)
  A ball python (D:2)
  2 giant cockroaches
  4 hobgoblins
  3 jackals (D:2)
  7 kobolds
  8 bats
  9 goblins
  6 rats
55 creatures vanquished.

Notes
Turn   | Place    | Note
--------------------------------------------------------------
     0 | D:1      | Rhaen, the Draconian Transmuter, began the quest for the Orb.
     0 | D:1      | Reached XP level 1. HP: 16/16 MP: 3/3
   250 | D:1      | Reached XP level 2. HP: 12/24 MP: 2/4
   756 | D:2      | Reached XP level 3. HP: 20/29 MP: 4/6
  1683 | D:3      | Learned a level 3 spell: Spider Form
  2061 | D:3      | Reached XP level 4. HP: 11/36 MP: 6/8
  2114 | D:3      | Noticed Rhaen's ghost (weakling DrTm)
  2328 | D:3      | Killed Rhaen's ghost
  2328 | D:3      | Reached XP level 5. HP: 11/41 MP: 2/9
  2903 | D:3      | Noticed Terence
  2918 | D:3      | HP: 1/41 [Terence/wand of frost (10)]
  2919 | D:3      | Killed from afar by Terence

Action                   |  1- 3 |  4- 6 || total
-------------------------+-------+-------++-------
Melee: Unarmed           |   159 |    63 ||   222
 Cast: Beastly Appendage |    31 |     4 ||    35
       Spider Form       |     1 |     5 ||     6
  Use: Potion            |       |     2 ||     2
 Stab: Sleeping          |     1 |       ||     1
  Eat: Chunk             |     3 |     5 ||     8
